 Dungeon Crawl Stone Soup version 0.24.1-1-gd1d2a07e1b (webtiles) character file.

Game seed: 11804666523874625269, levelgen mode: deterministic

22946 Destapler the Brawler (level 12, -2/166 HPs)
             Began as a Troll Berserker on Apr 9, 2020.
             Was a High Priest of Trog.
             Slain by Snorg (5 damage)
             ... on level 14 of the Dungeon.
             The game lasted 00:26:28 (7405 turns).

Destapler the Brawler (Troll Berserker)             Turns: 7405, Time: 00:26:29

Health: -2/166     AC:  9    Str: 37    XL:     12   Next: 67%
Magic:  16/16      EV: 11    Int:  3    God:    Trog [*****.]
Gold:   426        SH:  0    Dex:  9    Spells: 11/11 levels left

rFire    . . .     SeeInvis .     - Unarmed
rCold    . . .     Gourm    +   (no shield)
rNeg     . . .     Faith    .   p - +0 troll leather armour
rPois    .         Spirit   .   v - +0 hat
rElec    .         Reflect  .   j - +0 cloak
rCorr    .         Harm     .   (gloves unavailable)
MR       ++...                  (boots unavailable)
Stlth    ..........             (no amulet)
HPRegen  2.17/turn              (no ring)
MPRegen  0.15/turn              (no ring)

@: berserking, regenerating, very quick
A: large, unfitting armour, claws 3, fast metabolism 3, gourmand, regeneration
1, shaggy fur 1, tough skin 3
a: Berserk, Trog's Hand, Brothers in Arms, Renounce Religion


You were on level 14 of the Dungeon.
You worshipped Trog.
Trog was extremely pleased with you.
You were very full.

You visited 1 branch of the dungeon, and saw 12 of its levels.
You also visited: Ossuary.

You collected 916 gold pieces.
You spent 490 gold pieces at shops.

Inventory:

Hand Weapons
 k - a +3 quick blade
 q - a +1 scimitar of flaming
Missiles
 m - 9 boomerangs (quivered)
 u - 11 javelins
 y - 45 poisoned darts
 D - 4 large rocks
 H - 4 curare-tipped darts
Armour
 a - a +0 animal skin
 j - a +0 cloak (worn)
 p - a +0 troll leather armour (worn)
 v - a +0 hat (worn)
Wands
 r - a wand of disintegration (12)
 A - a wand of iceblast (7)
 I - a wand of acid (8)
Scrolls
 e - 3 scrolls of identify
 g - a scroll of blinking
 n - 3 scrolls of teleportation
 o - 4 scrolls of remove curse
 s - a scroll of magic mapping
 z - 5 scrolls of fear
 F - a scroll of holy word {unknown}
 G - a scroll of enchant armour
Potions
 c - 10 potions of curing
 f - 4 potions of flight
 h - a potion of brilliance
 i - 3 potions of invisibility
 l - 2 potions of heal wounds
 t - 2 potions of might
 w - a potion of haste
 x - 3 potions of agility
 C - a potion of cancellation
 E - a potion of magic
 J - a potion of lignification {unknown}
Comestibles
 b - 17 rations
 d - 22 chunks of flesh


   Skills:
 - Level 5.0 Fighting
 - Level 5.0 Throwing
 - Level 5.0 Dodging
 * Level 16.2 Unarmed Combat
 - Level 7.0 Evocations


You had 11 spell levels left.
You didn't know any spells.
Your spell library contained the following spells:

 Spells                   Type           Power        Failure   Level  Hunger
 Confusing Touch          Hex            #.....       56%         1    ##.....
 Confuse                  Hex            #.......     90%         3    ####...
 Gell's Gravitas          Tloc           #.........   90%         3    ####...
 Petrify                  Tmut/Erth      #.......     100%        4    #####..
 Metabolic Englaciation   Hex/Ice        #.........   100%        5    ######.
 Yara's Violent Unravell  Hex/Tmut       #.........   100%        5    ######.


Dungeon Overview and Level Annotations

Branches:
Dungeon (11/15)            Temple (0/1) D:5            Lair (0/6) D:10
    Orc (0/2) D:10        Ossuary (visited)

Altars:
Ashenzari
Cheibriados
Elyvilon
Hepliaklqana
Uskayaw
Vehumet

Shops:
D:4 !   D:8 ?   D:9 %*?*(

Annotations:
D:14 Snorg


Innate Abilities, Weirdness & Mutations

You are too large for most types of armour.
You have claws for hands.
Your metabolism is lightning-fast.
You like to eat raw meat.
Your natural rate of healing is unusually fast.
You are covered in fur. (AC +1)
You have extremely tough skin. (AC +3)


Message History

Snorg is lightly wounded.
You barely miss Snorg.
Snorg is lightly wounded.
Snorg bites you!!
* * * LOW HITPOINT WARNING * * *
Snorg barely misses you. Snorg closely misses you.
You eviscerate Snorg!!! You claw Snorg!
Snorg is heavily wounded.
You hear a croak.
Snorg bites you!!
* * * LOW HITPOINT WARNING * * *
Snorg barely misses you. Snorg claws you!
* * * LOW HITPOINT WARNING * * *
You closely miss Snorg.
Snorg is heavily wounded.
You rip and tear the barbed spikes from your body.
Snorg bites you.
* * * LOW HITPOINT WARNING * * *
Snorg barely misses you. Snorg claws you.
You die...

######+##
........#
........#
......T@#
..(.....#
(.......#
........#
........#
........#
#.#######
..


You could see Snorg (berserk).

Vanquished Creatures
  Fannar (D:10)
  Erica (D:8)
  2 two-headed ogres (D:11)
  5 death yaks (D:10)
  An ugly thing (D:11)
  Maurice (D:11)
  A manticore (D:14)
  2 trolls
  Prince Ribbit (D:8)
  A hippogriff (D:5)
  20 yaks
  2 wraiths (Ossuary)
  Eustachio (D:4)
  A hungry ghost (D:8)
  A steam dragon (D:11)
  7 sky beasts
  3 orc warriors (D:6)
  4 phantoms
  An ice beast (D:5)
  A black bear (D:7)
  An eye of draining (D:10)
  7 ogres
  A necrophage (D:11)
  7 centaurs
  2 big kobolds
  A crocodile (D:11)
  An elf zombie (D:8)
  6 bullfrogs
  An elf skeleton (D:8)
  2 wyvern skeletons
  4 scorpions
  5 killer bees (D:9)
  8 wights
  A howler monkey (D:11)
  6 crimson imps
  7 hounds
  3 jellies
  A quasit (D:6)
  A bullfrog zombie (D:11)
  6 orc priests
  A bullfrog skeleton (D:11)
  A centaur skeleton (D:11)
  A human skeleton (D:8)
  3 iguanas
  6 orc wizards
  10 worker ants
  A centaur simulacrum (D:11)
  3 hound skeletons
  2 worker ant zombies
  A howler monkey skeleton (D:4)
  7 gnolls
  14 adders
  2 shadow imps
  An ooze (D:5)
  4 adder zombies
  3 worms
  7 dart slugs
  5 leopard geckos
  36 orcs
  2 ball pythons
  14 giant cockroaches
  6 goblins
  6 hobgoblins
  7 jackals
  3 quokkas
  7 bats
  11 frilled lizards
  A hobgoblin zombie (Ossuary)
  A jackal zombie (D:6)
  15 kobolds
  2 kobold zombies (Ossuary)
  5 orc skeletons
  An orc zombie (D:8)
  A quokka skeleton (D:5)
  7 rats
325 creatures vanquished.

Notes
Turn   | Place    | Note
-------+----------+-------------------------------------------
     0 | D:1      | Destapler the Troll Berserker began the quest for the Orb.
     0 | D:1      | Reached XP level 1. HP: 22/22 MP: 0/0
   170 | D:1      | Reached XP level 2. HP: 22/29 MP: 1/1
   647 | D:1      | Reached ** piety under Trog
   741 | D:1      | Reached XP level 3. HP: 36/36 MP: 2/2
   767 | D:2      | Reached skill level 1 in Throwing
   776 | D:2      | Reached XP level 4. HP: 38/44 MP: 3/3
   805 | D:2      | Reached skill level 4 in Unarmed Combat
   972 | D:2      | Found a radiant altar of Vehumet.
  1288 | D:3      | Reached XP level 5. HP: 53/53 MP: 4/4
  1293 | D:3      | Found a faded altar of an unknown god.
  1351 | D:3      | Reached *** piety under Trog
  2046 | D:4      | Reached XP level 6. HP: 28/61 MP: 5/5
  2078 | D:4      | Found Kefi's Distillery.
  2084 | D:4      | Bought a potion of heal wounds for 50 gold pieces
  2084 | D:4      | Bought a potion of curing for 30 gold pieces
  2124 | D:4      | Noticed Eustachio
  2148 | D:4      | Killed Eustachio
  2148 | D:4      | Reached skill level 5 in Unarmed Combat
  2305 | D:4      | Noticed a sky beast
  2314 | D:4      | Killed a sky beast
  2314 | D:4      | Reached XP level 7. HP: 60/68 MP: 6/6
  2559 | D:4      | Reached skill level 6 in Unarmed Combat
  2574 | D:4      | Found a hide-covered altar of Uskayaw.
  2576 | D:4      | Found a snail-covered altar of Cheibriados.
  2834 | D:5      | Entered Level 5 of the Dungeon
  2878 | D:5      | Found a white marble altar of Elyvilon.
  2968 | D:5      | Found a shattered altar of Ashenzari.
  3003 | D:5      | Noticed a hippogriff
  3013 | D:5      | Reached XP level 8. HP: 52/78 MP: 7/7
  3017 | D:5      | Killed a hippogriff
  3017 | D:5      | Reached skill level 7 in Unarmed Combat
  3120 | D:5      | Found a staircase to the Ecumenical Temple.
  3464 | D:6      | Received a gift from Trog
  3621 | D:6      | Reached skill level 5 in Fighting
  3621 | D:6      | Reached skill level 5 in Dodging
  3621 | D:6      | Reached skill level 8 in Unarmed Combat
  3621 | D:6      | Reached XP level 9. HP: 77/88 MP: 8/8
  3642 | D:6      | Reached **** piety under Trog
  3842 | D:7      | Reached skill level 5 in Throwing
  3887 | D:7      | Reached skill level 9 in Unarmed Combat
  3991 | D:7      | Reached skill level 10 in Unarmed Combat
  4356 | D:8      | Noticed Erica
  4365 | D:8      | Killed Erica
  4365 | D:8      | Reached skill level 11 in Unarmed Combat
  4379 | D:8      | Reached XP level 10. HP: 96/96 MP: 9/9
  4390 | D:8      | Found a sand-covered staircase.
  4407 | Ossuary  | Entered an ossuary
  4459 | Ossuary  | Received a gift from Trog
  4706 | D:8      | Noticed Prince Ribbit
  4710 | D:8      | Killed Prince Ribbit
  4768 | D:8      | Reached skill level 12 in Unarmed Combat
  4800 | D:8      | Reached ***** piety under Trog
  5065 | D:8      | Found a hazy altar of Hepliaklqana.
  5117 | D:8      | Found Alicifoff's Magic Scroll Shop.
  5120 | D:8      | Bought a scroll of identify for 26 gold pieces
  5120 | D:8      | Bought a scroll of enchant armour for 97 gold pieces
  5362 | D:9      | Found Romuf's Food Emporium.
  5389 | D:9      | Found Ceirgh's Assorted Antiques.
  5399 | D:9      | Bought a scroll of identify for 56 gold pieces
  5414 | D:9      | Received a gift from Trog
  5454 | D:9      | Found Waviun's Magic Scroll Shoppe.
  5462 | D:9      | Bought a scroll of identify for 26 gold pieces
  5462 | D:9      | Bought a scroll of identify for 26 gold pieces
  5462 | D:9      | Bought a scroll of identify for 26 gold pieces
  5462 | D:9      | Bought a scroll of identify for 26 gold pieces
  5462 | D:9      | Identified a scroll of acquirement
  5465 | D:9      | Reached XP level 11. HP: 102/102 MP: 9/15
  5656 | D:9      | Found Luripic's Assorted Antiques.
  5660 | D:9      | Bought a scroll labeled QOMEOD METE for 28 gold pieces
  5660 | D:9      | Bought a scroll of identify for 56 gold pieces
  5660 | D:9      | Bought a fizzy coppery potion for 25 gold pieces
  5665 | D:9      | Found Bupt's Weapon Emporium.
  5675 | D:9      | Bought 2 atropa-tipped darts for 18 gold pieces
  5699 | D:9      | Reached skill level 13 in Unarmed Combat
  5921 | D:10     | Entered Level 10 of the Dungeon
  6041 | D:10     | Found a staircase to the Orcish Mines.
  6461 | D:10     | Noticed a death yak
  6462 | D:10     | Noticed a death yak
  6462 | D:10     | Noticed a death yak
  6465 | D:10     | Noticed a death yak
  6469 | D:10     | Noticed a death yak
  6476 | D:10     | Killed a death yak
  6476 | D:10     | Reached skill level 14 in Unarmed Combat
  6480 | D:10     | Killed a death yak
  6483 | D:10     | Killed a death yak
  6483 | D:10     | Reached XP level 12. HP: 111/111 MP: 16/16
  6488 | D:10     | Killed a death yak
  6493 | D:10     | Killed a death yak
  6547 | D:10     | Found a staircase to the Lair.
  6555 | D:10     | Noticed Fannar
  6564 | D:10     | Killed Fannar
  6570 | D:10     | Reached skill level 15 in Unarmed Combat
  6918 | D:11     | Noticed Maurice
  6925 | D:11     | Received a gift from Trog
  7038 | D:11     | Noticed a two-headed ogre
  7054 | D:11     | Killed a two-headed ogre
  7174 | D:11     | Killed Maurice
  7260 | D:11     | Noticed a two-headed ogre
  7265 | D:11     | Killed a two-headed ogre
  7265 | D:11     | Reached skill level 16 in Unarmed Combat
  7386 | D:11     | You fall into a shaft and drop 3 floors!
  7386 | D:14     | Noticed Snorg
  7404 | D:14     | HP: 6/166 [Snorg (15)]
  7405 | D:14     | Slain by Snorg

Levels and vault maps discovered:
D:1:      dpeg_arrival_tiny_h, layout_basic
D:2:      layout_rooms, vehumet_crystals
D:3:      layout_basic, chequers_ecumenical_altar_simple,
          chequers_serial_rivers_micro_b
D:4:      layout_basic, grunt_temple_overflow_open, serial_rivers,
          chequers_serial_rivers_large_a, chequers_serial_rivers_micro_e,
          chequers_serial_rivers_micro_c, chequers_serial_rivers_marsh,
          chequers_serial_rivers_small_b, serial_shops, shop, uniq_eustachio
D:5:      layout_basic, minmay_temple_entry_waves, first_ration, basic_altar,
          nicolae_ashenzari_panopticon
D:6:      layout_basic
D:7:      layout_rooms
D:8:      layout_gridville, lemuel_crystal_altar, serial_shops, kennysheep_mini,
          nicolae_ossuary_entry_catacombs, uniq_erica, uniq_prince_ribbit1
D:9:      layout_cave_pools, serial_shops, shop, shop, nicolae_shop_stone, shop,
          shop
D:10:     layout_stronghold, dpeg_lair_monsters, uniq_fannar
D:11:     layout_loops_ring, hangedman_weighted_door, uniq_maurice
D:14:     layout_basic, erik_vaults_1, serial_rivers,
          chequers_serial_rivers_micro_a, chequers_serial_rivers_micro_a,
          chequers_serial_rivers_micro_a, chequers_serial_rivers_room_a,
          portal_ice_cave_entry_imps, uniq_snorg, uniq_azrael

Skill      XL: |  1  2  3  4  5  6  7  8  9 10 11 12 |
---------------+-------------------------------------+-----
Throwing       | 1 2 3 4 5 |  5.0
Unarmed Combat | 4 5 6 8 11 12 14 16 | 16.2
Fighting       | 3 4 5 |  5.0
Dodging        | 3 4 5 |  5.0
Evocations     | 7 |  7.0

Action                   |  1- 3 |  4- 6 |  7- 9 | 10-12 || total
-------------------------+-------+-------+-------+-------++-------
Melee: Unarmed           |    89 |   176 |   268 |   416 ||   949
       Punch             |     2 |     3 |    10 |    33 ||    48
Throw: Dart              |       |       |       |     4 ||     4
       Boomerang         |       |       |       |     4 ||     4
       Throwing net      |       |       |       |     1 ||     1
Invok: Berserk           |     1 |     1 |     3 |     7 ||    12
       Trog's Hand       |       |     3 |     5 |    11 ||    19
  Use: Scroll            |       |       |    12 |    10 ||    22
       Potion            |       |       |       |     1 ||     1
  Eat: Chunk             |    13 |    16 |    22 |    45 ||    96
Armor: Animal skin       |    28 |    65 |    90 |    21 ||   204
       Troll leather arm |       |       |       |    84 ||    84
Dodge: Dodged            |    51 |   104 |   161 |   196 ||   512
